 Dungeon Crawl Stone Soup version 0.31-a0-692-gf03d1854d5 (webtiles) character file.

Game seed: 6582612213643217514

357 qw the Shooter (level 6, -8/38 HPs)
             Began as a Gargoyle Hunter on Sept 6, 2023.
             Killed by divine providence
             ... invoked by an orc priest
              (11 damage)
             ... while paralysed by Grinder
             ... on level 4 of the Dungeon.
             The game lasted 00:00:52 (2099 turns).

qw the Shooter (Gargoyle Hunter)                    Turns: 2099, Time: 00:00:53

Health: -8/38      AC:  9    Str: 14    XL:     6   Next: 64%
Magic:  6/6        EV:  2    Int: 10    God:
Gold:   147        SH:  0    Dex: 15    Spells: 5/5 levels left

rFire   . . .        Y - +0 shortbow
rCold   . . .        (shield currently unavailable)
rNeg    + . .        j - +0 ring mail
rPois   inf          (no helmet)
rElec   +            (no cloak)
rCorr   +            (no gloves)
SInv    .            (no boots)
Will    .....        d - amulet of reflection
Stlth   +            g - ring of resist corrosion
HPRegen 0.26/turn    a - +5 ring of evasion
MPRegen 0.10/turn

%: reflection
@: paralysed
A: sickness immunity, AC +4, negative energy resistance 1, electricity
resistance, torment resistance 1, petrification resistance
a: no special abilities


You were on level 4 of the Dungeon.
You visited 1 branch of the dungeon, and saw 4 of its levels.

You collected 147 gold pieces.


Innate Abilities, Weirdness & Mutations

You are immune to sickness and miasma.
Your stone body is resilient. (AC +4)
You are immune to poison.
You resist negative energy. (rN+)
You are resistant to electric shocks. (rElec)
You are resistant to unholy torment.
You are immune to petrification.


   Skills:
 - Level 4.0 Fighting
 + Level 7.0 Ranged Weapons
 - Level 1.0 Armour
 - Level 1.5 Dodging
 - Level 1.1 Stealth


You had 5 spell levels left.
You didn't know any spells.
Your spell library was empty.

Inventory:

Hand Weapons
 Y - a +0 shortbow (weapon)
Armour
 j - a +0 ring mail (worn)
Jewellery
 a - a +5 ring of evasion (right hand)
 d - an amulet of reflection (around neck)
 g - a ring of resist corrosion (left hand)
 k - a ring of fire
Scrolls
 b - a scroll of identify
Potions
 e - a potion of attraction {unknown}
 f - a potion of berserk rage {unknown}
 h - a potion of degeneration {unknown}
 l - 3 potions of brilliance {unknown}
 m - a potion of cancellation {unknown}

Dungeon Overview and Level Annotations

Branches:
Dungeon (4/15)
 Temple: D:4-7

Altars:

Annotations:
D:4 Grinder


Message History

The orc is heavily wounded.
You block the orc's attack.
You shoot an arrow. The arrow hits the orc.
The orc is severely wounded.
The orc priest calls upon Beogh to heal the orc.
The orc's wounds heal themselves!
The orc closely misses you.
You hear a shout!
You shoot an arrow. The arrow barely misses the orc.
The arrow hits the orc priest.
The orc priest is moderately wounded.
Grinder blinks!
The orc priest invokes the aid of Beogh against you.
Beogh smites you! The orc closely misses you.
2093 |||
Found retreat position at -3,-4 (floor) with 0 blocking monsters and 1 monsters attacking at destination at distance 5
2093 ||| Stepping ~*~*~tactically~*~*~ (retreating).
Grinder gestures at you. Pain shoots through your body!
The orc priest begins to cast a cantrip, but forgets the words!
The orc attacks as it pursues you! The orc hits you with a +0 short sword.
2094 |||
Found retreat position at -4,-3 (floor) with 0 blocking monsters and 1 monsters attacking at destination at distance 4
2094 ||| Stepping ~*~*~tactically~*~*~ (retreating).
Grinder attacks as she pursues you! Grinder misses you.
You shoot an arrow. The arrow hits Grinder!
Grinder is heavily wounded.
Grinder completely misses you.
2096 |||
Found retreat position at -3,-2 (floor) with 0 blocking monsters and 1 monsters attacking at destination at distance 3
2096 ||| Stepping ~*~*~tactically~*~*~ (retreating). 2 orcs come into view.
The orc shouts! x2; You hear a shout!
Grinder gestures at you. You resist with significant effort.
2097 |||
Found retreat position at -2,-1 (floor) with 0 blocking monsters and 2 monsters attacking at destination at distance 2
2097 |||
Found retreat position at 8,-1 (floor) with 0 blocking monsters and 1 monsters attacking at destination at distance 8
2097 ||| RETREATING.
Grinder gestures at you.
You suddenly lose the ability to move!
Grinder hits you.
You writhe in agony.
The orc priest invokes the aid of Beogh against you.
Beogh smites you!
You die...

###.. #######<%.#
#.......### #####.#######
#.....# ## #...### #. ...
#######%# #.
..#####.......##########.
....oo..@............)...
#..###.5.[..######.<....
#. #.oo...# #......
#.#####o#..# #......
#..#o...##.# #######
#...#####...
##?....######
#.%.##...... ....5###
####.


You could see Grinder, an orc priest and 4 orcs.

Vanquished Creatures
  Sigmund (D:3)
  A scorpion (D:4)
  An orc priest (D:3)
  An orc wizard (D:4)
  2 adders
  2 worms
  A dart slug (D:1)
  2 orcs (D:3)
  4 ball pythons
  4 bats
  6 endoplasms
  3 giant cockroaches
  2 goblins
  6 hobgoblins
  9 jackals
  6 kobolds
  3 quokkas
  3 frilled lizards
  5 rats
62 creatures vanquished.

Notes
Turn   | Place    | Note
-------+----------+-------------------------------------------
     0 | D:1      | qw the Gargoyle Hunter began the quest for the Orb.
     0 | D:1      | Reached XP level 1. HP: 12/12 MP: 1/1
     0 | D:1      | 0 ||| qw: Version: 0.3-a-76-g4403597
     0 | D:1      | 0 ||| qw: Game counter: 129
     0 | D:1      | 0 ||| qw: Melee chars always use a shield: true
     0 | D:1      | 0 ||| qw: God list: Okawaru
     0 | D:1      | 0 ||| qw: Allow faded altars: false
     0 | D:1      | 0 ||| qw: Do Orc after clearing Dungeon:15 true
     0 | D:1      | 0 ||| qw: Do second Lair branch before Depths: true
     0 | D:1      | 0 ||| qw: Lair rune preference: random
     0 | D:1      | 0 ||| qw: Goals: Normal
     0 | D:1      | 0 ||| PLANNING D:1-11
   140 | D:1      | Reached XP level 2. HP: 15/17 MP: 2/2
   286 | D:1      | Reached XP level 3. HP: 18/21 MP: 3/3
   469 | D:1      | Reached skill level 5 in Ranged Weapons
   551 | D:1      | 551 ||| UPGRADING to ring of resist corrosion.
   552 | D:1      | 552 ||| READING scroll labelled JEEPEH KAZEI.
   553 | D:1      | 553 ||| READING scroll labelled DEBBAE MUNTAET.
   554 | D:1      | 554 ||| DROPPING scroll of butterflies.
  1142 | D:2      | Reached skill level 3 in Fighting
  1460 | D:2      | 1460 ||| UPGRADING to +0 ring mail.
  1470 | D:2      | 1470 ||| DROPPING +0 leather armour.
  1471 | D:2      | 1471 ||| UPGRADING to +5 ring of evasion.
  1472 | D:2      | 1472 ||| READING scroll labelled IDIB TADWI.
  1473 | D:2      | 1473 ||| READING 2 scrolls labelled WAIROFEVAG.
  1474 | D:2      | 1474 ||| DROPPING scroll of fog.
  1548 | D:3      | Reached XP level 4. HP: 28/28 MP: 4/4
  1601 | D:3      | Reached skill level 1 in Armour
  1704 | D:3      | Noticed Sigmund
  1710 | D:3      | Killed Sigmund
  1711 | D:3      | Reached skill level 6 in Ranged Weapons
  1711 | D:3      | Reached XP level 5. HP: 32/32 MP: 5/5
  1711 | D:3      | Reached XP level 6. HP: 37/37 MP: 6/6
  1770 | D:3      | Found a faded altar of an unknown god.
  1953 | D:3      | 1953 ||| UPGRADING to amulet of reflection.
  1958 | D:3      | 1958 ||| READING scroll labelled LUSMAN CAIB.
  1959 | D:3      | 1959 ||| READING scroll labelled VATSABLEGE.
  1977 | D:4      | 1977 ||| STAIRDANCE
  2071 | D:4      | Noticed Grinder
  2076 | D:4      | 2076 ||| Stepping ~*~*~tactically~*~*~ (outnumbered).
  2078 | D:4      | 2078 ||| RETREATING.
  2079 | D:4      | 2079 ||| Stepping ~*~*~tactically~*~*~ (retreating).
  2090 | D:4      | Reached skill level 7 in Ranged Weapons
  2093 | D:4      | 2093 ||| Stepping ~*~*~tactically~*~*~ (retreating).
  2094 | D:4      | 2094 ||| Stepping ~*~*~tactically~*~*~ (retreating).
  2096 | D:4      | 2096 ||| Stepping ~*~*~tactically~*~*~ (retreating).
  2097 | D:4      | 2097 ||| RETREATING.
  2097 | D:4      | Paralysed by Grinder for 3 turns
  2099 | D:4      | HP: 6/38 [Grinder (5)]
  2099 | D:4      | Killed from afar by an orc priest

Levels and vault maps discovered:
D:1:      dpeg_arrival_shrine, layout_basic
D:2:      layout_loops_corners, minmay_pentomino_z4
D:3:      layout_rooms, hellmonk_ecumenical_altar_pennies_from_heaven,
          uniq_sigmund
D:4:      layout_rooms, lemuel_doored_altar, nicolae_overflow_hidden_temple,
          minmay_temple_entry_junction, uniq_blork_the_orc, uniq_eustachio,
          uniq_grinder

Skill      XL: |  1  2  3  4  5  6 |
---------------+-------------------+-----
Ranged Weapons | 5 6 7 |  7.0
Fighting       | 3 4 |  4.0
Armour         | 1 |  1.0
Dodging        | |  1.5
Stealth        | |  1.1

Action                     |  1- 3 |  4- 6 || total
---------------------------+-------+-------++-------
   Fire: Shortbow          |   116 |    93 ||   209
    Use: Scroll            |     4 |     2 ||     6
 Armour: Leather armour    |    30 |       ||    30
         Ring mail         |     2 |     9 ||    11
  Dodge: Dodged            |    44 |    36 ||    80
  Block: Other             |       |     3 ||     3

Table legend:
 A = Non-vault XP
 B = Vault XP
 C = Vault XP percentage of total XP
 D = Non-vault monster count
 E = Vault monster count
 F = Vault count percentage of total count
                 A         B        C        D         E       F
            +---------+---------+-------+---------+---------+-------
      Total |     290 |     220 |  43.1 |      57 |       5 |   8.1
            +---------+---------+-------+---------+---------+-------
        D:1 |      42 |       0 |   0.0 |      22 |       0 |   0.0
        D:2 |      26 |       6 |  18.8 |       6 |       4 |  40.0
        D:3 |      91 |     214 |  70.2 |      22 |       1 |   4.3
        D:4 |     131 |       0 |   0.0 |       7 |       0 |   0.0
            +---------+---------+-------+---------+---------+-------
